 Dungeon Crawl Stone Soup version 0.30.0-29-ga12c61a403 (webtiles) character file.

Game seed: 10795049358851699857

158 qw the Chopper (level 5, -1/32 HPs)
             Began as a Gargoyle Fighter on June 3, 2023.
             Slain by an orc priest
             ... wielding a +0 mace
              (4 damage)
             ... on level 3 of the Dungeon.
             The game lasted 00:01:10 (1727 turns).

qw the Chopper (Gargoyle Fighter)                   Turns: 1727, Time: 00:01:11

Health: -1/32      AC: 12    Str: 22    XL:     5   Next: 40%
Magic:  5/5        EV:  9    Int:  8    God:
Gold:   130        SH:  4    Dex:  9    Spells: 4/4 levels left

rFire   . . .        Y - +0 war axe
rCold   . . .        c - +0 buckler
rNeg    + . .        b - +0 scale mail
rPois   inf          l - +0 helmet
rElec   +            (no cloak)
rCorr   .            (no gloves)
SInv    .            (no boots)
Will    .....        (no amulet) Stlth
                     (no ring)
HPRegen 0.25/turn    (no ring)
MPRegen 0.09/turn

%: no passive effects
@: no status effects
A: sickness immunity, AC +4, negative energy resistance 1, electricity
resistance, torment resistance 1, petrification resistance
a: no special abilities


You were on level 3 of the Dungeon.
You visited 1 branch of the dungeon, and saw 3 of its levels.

You collected 130 gold pieces.


Innate Abilities, Weirdness & Mutations

You are immune to sickness and miasma.
Your stone body is resilient. (AC +4)
You are immune to poison.
You resist negative energy. (rN+)
You are resistant to electric shocks. (rElec)
You are resistant to unholy torment.
You are immune to petrification.


   Skills:
 + Level 3.2 Fighting
 - Level 5.0 Axes
 - Level 3.2 Armour
 - Level 3.2 Shields


You had 4 spell levels left.
You didn't know any spells.
Your spell library was empty.

Inventory:

Hand Weapons
 e - a +0 flail
 Y - a +0 war axe (weapon)
Armour
 b - a +0 scale mail (worn)
 c - a +0 buckler (worn)
 l - a +0 helmet (worn)
Scrolls
 a - a scroll of identify
Potions
 d - a potion of might
 f - a potion of degeneration {unknown}
 g - a potion of curing {unknown}
 h - 2 potions of haste
 i - a potion of magic {unknown}
 j - a potion of flight {unknown}
 k - a potion of mutation {unknown}
 m - a potion of heal wounds {unknown}

Dungeon Overview and Level Annotations

Branches:
Dungeon (3/15)

Altars:
Kikubaaqudgha

Annotations:
D:2 1 runed translucent door, Crazy Yiuf


Message History

You closely miss the orc.
The orc is moderately wounded.
The orc hits you but does no damage.
You barely miss the orc.
The orc is moderately wounded.
The orc hits you with a +0 hand axe.
The orc priest looks braver for a moment.
You barely miss the orc.
The orc is moderately wounded.
The orc hits you with a +0 hand axe. The orc completely misses you.
You barely miss the orc.
The orc is moderately wounded.
The orc priest calls down the wrath of Beogh upon you.
Beogh smites you! The orc barely misses you.
You hit the orc.
The orc is severely wounded.
The orc hits you but does no damage.
The orc priest mumbles some strange prayers to Beogh against you.
Beogh smites you!
You barely miss the orc.
The orc is severely wounded.
The orc hits you but does no damage.
You closely miss the orc.
The orc is severely wounded.
The orc hits you but does no damage.
You completely miss the orc.
The orc is severely wounded.
The orc hits you but does no damage.
You hit the orc but do no damage.
The orc is severely wounded.
The orc hits you but does no damage.
You closely miss the orc.
The orc is severely wounded.
You block the orc's attack. The orc priest closely misses you.
The orc hits you but does no damage.
You hit the orc.
The orc is almost dead.
You barely miss the orc priest. You block the orc's attack.
The orc priest hits you with a +0 mace.
You die...

#### # ..# ..# #. ..# ... #.###o#
... #..#@o# #.## .~.# #.# #.....#
#...#.~.# #.# ####)## . ._.#.~.#
#.# #.# .~ ..#.~.# #.# #.#
.~.###.#.~.# ######.##### #.#
.~.......~.# .#.........# #.#
.~~.~~~~~~.# .#.##...##.# ##.#
...........#
.#.##...##.####..#####.##.###..##


You could see an orc priest and an orc.

Vanquished Creatures
  An orc priest (D:3)
  4 gnolls (D:2)
  2 adders (D:3)
  A worm (D:2)
  A dart slug (D:1)
  4 orcs (D:3)
  3 ball pythons
  6 endoplasms
  3 giant cockroaches
  3 hobgoblins
  8 jackals
  2 quokkas (D:3)
  6 bats
  A frilled lizard (D:3)
  10 goblins
  3 kobolds
  5 rats
63 creatures vanquished.

Notes
Turn   | Place    | Note
-------+----------+-------------------------------------------
     0 | D:1      | qw the Gargoyle Fighter began the quest for the Orb.
     0 | D:1      | Reached XP level 1. HP: 14/14 MP: 1/1
     0 | D:1      | 0 ||| qw: Version: 0.2-a-103-g5a998e5
     0 | D:1      | 0 ||| qw: Game counter: 1108
     0 | D:1      | 0 ||| qw: Always use a shield: true
     0 | D:1      | 0 ||| qw: God list: Okawaru
     0 | D:1      | 0 ||| qw: Allow faded altars: false
     0 | D:1      | 0 ||| qw: Do Orc after D:15 true
     0 | D:1      | 0 ||| qw: Do second Lair branch before Depths: true
     0 | D:1      | 0 ||| qw: Lair rune preference: random
     0 | D:1      | 0 ||| qw: Plans: Normal, Zot:1-4, Slime:5, God:TSO, Crypt,
                  | Tomb, Pan, Hells, Abyss, Win
     0 | D:1      | 0 ||| PLANNING D:1-11
    58 | D:1      | Reached skill level 2 in Axes
   109 | D:1      | Reached XP level 2. HP: 19/19 MP: 2/2
   214 | D:1      | 214 ||| Stepping ~*~*~tactically~*~*~ (hiding).
   283 | D:1      | Reached skill level 3 in Axes
   370 | D:1      | Reached XP level 3. HP: 23/23 MP: 3/3
   385 | D:1      | Found a faded altar of an unknown god.
   400 | D:1      | 400 ||| UPGRADING to +0 helmet.
   405 | D:1      | 405 ||| READING 2 scrolls labelled XUENIG LIDU.
   406 | D:1      | 406 ||| READING 2 scrolls labelled RYNGO HOOHUEM.
   407 | D:1      | 407 ||| READING scroll labelled ONADDIFUSED.
   408 | D:1      | 408 ||| DRINKING 3 fuming cyan potions.
   409 | D:1      | 409 ||| DROPPING scroll of amnesia.
   437 | D:2      | 437 ||| Stepping ~*~*~tactically~*~*~ (stealth).
   465 | D:2      | 465 ||| FLEEEEING.
   482 | D:2      | 482 ||| FLEEEEING.
   483 | D:2      | 483 ||| FLEEEEING.
   484 | D:2      | 484 ||| FLEEEEING.
   487 | D:2      | 487 ||| FLEEEEING.
   495 | D:2      | 495 ||| STAIRDANCE
   538 | D:2      | Reached XP level 4. HP: 19/28 MP: 4/4
   582 | D:2      | 582 ||| DROPPING +0 club.
   619 | D:2      | Reached skill level 4 in Axes
   729 | D:2      | 729 ||| Stepping ~*~*~tactically~*~*~ (stealth).
   841 | D:2      | 841 ||| Stepping ~*~*~tactically~*~*~ (stealth).
  1081 | D:2      | Found a runed translucent door.
  1082 | D:2      | Noticed Crazy Yiuf
  1264 | D:3      | 1264 ||| Stepping ~*~*~tactically~*~*~ (stealth).
  1300 | D:3      | Found an ancient bone altar of Kikubaaqudgha.
  1487 | D:3      | Reached XP level 5. HP: 32/32 MP: 5/5
  1507 | D:3      | 1507 ||| Stepping ~*~*~tactically~*~*~ (hiding).
  1521 | D:3      | HP: 8/32 [orc priest/nerve-wracking pain (1)]
  1713 | D:3      | 1713 ||| Stepping ~*~*~tactically~*~*~ (hiding).
  1717 | D:3      | Reached skill level 5 in Axes
  1721 | D:3      | HP: 1/32 [orc priest/divine providence (12)]
  1727 | D:3      | Slain by an orc priest

Levels and vault maps discovered:
D:1:      tarquinn_simple_flora_water_e, layout_rooms,
          ebering_ecumenical_altar_abandoned
D:2:      layout_basic, solitary_fountain, uniq_crazy_yiuf_cottage
D:3:      layout_loops_cross, mainiacjoe_overflow_brackets, st_stairs_1,
          kennysheep_nub

Skill      XL: |  1  2  3  4  5 |
---------------+----------------+-----
Axes           | 2 3 4 5 |  5.0
Fighting       | |  3.2
Armour         | |  3.2
Shields        | |  3.2

Action                     |  1- 3 |  4- 6 || total
---------------------------+-------+-------++-------
  Melee: War axe           |    75 |   110 ||   185
    Use: Scroll            |     3 |       ||     3
         Potion            |     1 |       ||     1
 Armour: Scale mail        |    31 |    44 ||    75
  Dodge: Dodged            |    20 |    50 ||    70
  Block: Buckler           |     8 |    20 ||    28

Table legend:
 A = Non-vault XP
 B = Vault XP
 C = Vault XP percentage of total XP
 D = Non-vault monster count
 E = Vault monster count
 F = Vault count percentage of total count
                 A         B        C        D         E       F
            +---------+---------+-------+---------+---------+-------
      Total |     221 |       6 |   2.6 |      60 |       3 |   4.8
            +---------+---------+-------+---------+---------+-------
        D:1 |      39 |       0 |   0.0 |      23 |       0 |   0.0
        D:2 |      85 |       0 |   0.0 |      19 |       0 |   0.0
        D:3 |      97 |       6 |   5.8 |      18 |       3 |  14.3
            +---------+---------+-------+---------+---------+-------
